 Dungeon Crawl Stone Soup version 0.28-a0-124-g73ec313a74 (webtiles) character file.

Game seed: 9486794339179766667

23 Sweetruy1997 the Ducker (level 2, -3/21 HPs)
             Began as a Felid Berserker on Aug 14, 2021.
             Was a Follower of Trog.
             Slain by a worm (11 damage)
             ... on level 2 of the Dungeon.
             The game lasted 00:01:43 (1092 turns).

Sweetruy1997 the Ducker (Felid Berserker)           Turns: 1092, Time: 00:01:44

Health: -3/21      AC:  1    Str: 13    XL:     2   Next: 75%
Magic:  3/3        EV: 18    Int:  8    God:    Trog [*.....]
Gold:   67         SH:  0    Dex: 15    Spells: 1/1 levels left
                                        Lives:  0   Deaths: 0

rFire   . . .      SeeInvis +     - Unarmed
rCold   . . .      Faith    .   (shield unavailable)
rNeg    . . .      Spirit   .   (armour unavailable)
rPois   .          Reflect  .   (helmet unavailable)
rElec   .          Harm     .   (cloak unavailable)
rCorr   .          Rampage  .   (gloves unavailable)
Will    .....                   (boots unavailable)
Stlth   ..........              (no amulet)
HPRegen 0.07/turn               (no ring)
MPRegen 0.08/turn               (no ring)

@: berserking, very quick
A: very small, claws 1, fangs 3, see invisible, speed 1, shaggy fur 1, stealthy
paws, no weapons or thrown items, no armour, multi-lived
a: Renounce Religion, Berserk


You were on level 2 of the Dungeon.
You worshipped Trog.
Trog was aware of your devotion.
You visited 1 branch of the dungeon, and saw 2 of its levels.

You collected 67 gold pieces.

Inventory:

Scrolls
 b - 3 scrolls of blinking {unknown}
 c - a scroll of summoning {unknown}
 d - a scroll of torment {unknown}
 e - a scroll of teleportation {unknown}
Potions
 a - a potion of invisibility {unknown}
 f - a potion of might {unknown}


   Skills:
 + Level 3.4 Fighting
 + Level 4.5 Dodging
 + Level 0.1 Stealth
 + Level 3.3 Unarmed Combat


You had one spell level left.
You didn't know any spells.
Your spell library was empty.

Dungeon Overview and Level Annotations

Branches:
Dungeon (2/15)

Altars:


Innate Abilities, Weirdness & Mutations

You have sharp claws.
You have razor-sharp teeth.
You have supernaturally acute eyesight. (SInv)
You cover ground quickly. (Speed+)
You are covered in fur. (AC +1)
Your paws help you pounce on unaware monsters.
You are incapable of wielding weapons or throwing items.
You cannot wear armour.
You gain extra lives every three experience levels.


Message History

You see here a +0 buckler.
A quokka comes into view.
You pounce on the unaware helpless quokka!
You claw the quokka!
You kill the quokka!
Trog accepts your kill.
No target in view!
You see here a quokka corpse.
Found a leather armour.
An endoplasm comes into view.
The endoplasm freezes you.
You are frozen.
You scratch the endoplasm. You bite the endoplasm.
The endoplasm is heavily wounded.
The endoplasm closely misses you.
You scratch the endoplasm but do no damage.
You bite the endoplasm.
You kill the endoplasm!
Trog accepts your kill.
Done exploring.
You see here a +0 leather armour.
There is a stone staircase leading down here.
You climb downwards.
There is a stone staircase leading up here.
A worm comes into view.
You barely miss the worm. The worm bites you but does no damage.
You scratch the worm. Your bite misses the worm.
The worm is lightly wounded.
You scratch the worm.
The worm is moderately wounded.
The worm bites you!
Ouch! That really hurt!
You are too injured to fight recklessly!
You are too injured to fight recklessly!
You scratch the worm.
The worm is heavily wounded.
A red film seems to cover your vision as you go berserk!
You feel yourself moving faster!
You feel mighty! The worm bites you!
Ouch! That really hurt!
You die...

### #..
#.######
#......#
..#.####..##.##
......w@..##.#
.....####.##.#
... #.##.# .
#.##.## #.#..<#
..##### ###


You could see a worm.

Vanquished Creatures
  2 dart slugs (D:1)
  An endoplasm (D:1)
  A goblin (D:1)
  A hobgoblin (D:1)
  2 jackals (D:1)
  2 kobolds (D:1)
  A quokka (D:1)
  2 ball pythons (D:1)
  3 bats (D:1)
  4 rats (D:1)
19 creatures vanquished.

Notes
Turn   | Place    | Note
-------+----------+-------------------------------------------
     0 | D:1      | Sweetruy1997 the Felid Berserker began the quest for the
                  | Orb.
     0 | D:1      | Reached XP level 1. HP: 10/10 MP: 2/2
   406 | D:1      | Reached XP level 2. HP: 14/14 MP: 3/3
  1092 | D:2      | Slain by a worm

Illustrated notes

Levels and vault maps discovered:
D:1:      moated_graveyard_arrival, layout_basic, nrook_mini_vaults
D:2:      layout_basic, shapermc_ecumenical_altar_acropolis,
          minmay_snake_closets, uniq_robin, uniq_natasha

Action                   || total
-------------------------++-------
Melee: Unarmed           ||    57
       Bite              ||     8
Invok: Berserk           ||     1
 Stab: Sleeping          ||     2
Armor: Skin              ||     4
Dodge: Dodged            ||    49

Table legend: (Time is in decaauts)
 A = Elapsed time spent in this place.
 B = Non-inter-level travel time spent in this place.
 C = Inter-level travel time spent in this place.
 D = Time resting spent in this place.
 E = Time spent auto-exploring this place.
 F = Levels seen in this place.
 G = Mean time per level.
                   A        B        C        D        E       F      G
               +--------+--------+--------+--------+--------+-----+--------+
         Total |    958 |    931 |     27 |    260 |    540 |   2 |  479.0 |
       Dungeon |    958 |    931 |     27 |    260 |    540 |   2 |  479.0 |
               +--------+--------+--------+--------+--------+-----+--------+

Top non-repeatable levels by time:
     D:1: 944 daAuts
     D:2: 14 daAuts
